 Dungeon Crawl Stone Soup version 0.24.0-123-gd5b16e6ec5 (webtiles) character file.

Game seed: 16903032416280441891, levelgen mode: deterministic

34432 Emblim88 the Grappler (level 13, -5/136 HPs)
             Began as a Troll Berserker on Jan 14, 2020.
             Was the Champion of Trog.
             Killed from afar by Roxanne (57 damage)
             ... with an iron shot
             ... on level 14 of the Dungeon.
             The game lasted 01:45:20 (13995 turns).

Emblim88 the Grappler (Troll Berserker)            Turns: 13995, Time: 01:45:50

Health: -5/136     AC:  9    Str: 31    XL:     13   Next: 42%
Magic:  16/16      EV: 13    Int:  4    God:    Trog [******]
Gold:   998        SH:  0    Dex:  9    Spells: 12/12 levels left

rFire    . . .     SeeInvis .     - Unarmed
rCold    . . .     Gourm    +   (no shield)
rNeg     . . .     Faith    .   X - +1 robe {MR+}
rPois    .         Spirit   .   (helmet restricted)
rElec    .         Reflect  .   T - +1 cloak {+Inv}
rCorr    .         Harm     .   (gloves unavailable)
MR       ++...                  (boots unavailable)
Stlth    +.........             (no amulet)
HPRegen  0.72/turn              G - ring of protection from magic
MPRegen  0.15/turn              C - +3 ring of evasion

@: no status effects
A: large, unfitting armour, claws 3, fast metabolism 3, gourmand, regeneration
1, shaggy fur 1, tough skin 3
a: Berserk, Trog's Hand, Brothers in Arms, Renounce Religion, Evoke Invisibility


You were on level 14 of the Dungeon.
You worshipped Trog.
Trog was exalted by your worship.
You were full.

You visited 1 branch of the dungeon, and saw 14 of its levels.

You collected 998 gold pieces.

Inventory:

Hand Weapons
 N - a +7 fustibalus of flaming
Missiles
 c - 323 stones
 o - 16 silver javelins
 q - 115 sling bullets
 w - 5 atropa-tipped darts
 y - 53 poisoned darts
 D - 6 large rocks (quivered)
 J - 5 boomerangs
 U - 19 curare-tipped darts
 Y - 6 javelins
Armour
 e - a +2 cloak
 H - a +0 troll leather armour
 T - a +1 cloak of invisibility (worn)
 X - a +1 robe of magic resistance (worn)
Magical Staves
 L - an uncursed staff of wizardry {unknown}
 O - an uncursed staff of conjuration {unknown}
Jewellery
 d - an uncursed ring of flight
 m - a +4 ring of dexterity
 r - an uncursed ring of resist corrosion
 C - a +3 ring of evasion (right claw)
 G - a ring of protection from magic (left claw)
Wands
 v - a wand of iceblast (4)
 z - a wand of scattershot (6)
 F - a wand of random effects (16)
 P - a wand of acid (9)
 S - a wand of disintegration (22)
 V - a wand of flame (14)
 Z - a wand of digging (6)
Scrolls
 f - 3 scrolls of noise
 h - 3 scrolls of magic mapping
 l - 2 scrolls of enchant armour
 p - 4 scrolls of remove curse
 t - 2 scrolls of fog {unknown}
 u - a scroll of vulnerability
 B - a scroll of silence {unknown}
 E - 2 scrolls of amnesia {unknown}
 K - 2 scrolls of fear {unknown}
 Q - 2 scrolls of teleportation
Potions
 a - a potion of berserk rage
 g - a potion of mutation
 i - 3 potions of might
 j - 5 potions of agility
 k - a potion of cancellation
 n - 9 potions of curing
 x - 2 potions of lignification
 A - 5 potions of heal wounds
 I - a potion of resistance
 M - a potion of ambrosia
Miscellaneous
 s - 2 boxes of beasts
 R - a phial of floods
Comestibles
 b - 38 rations
 W - 10 chunks of flesh


   Skills:
 + Level 10.9 Fighting
 + Level 11.4 Throwing
 - Level 2.4 Dodging
 + Level 12.7 Unarmed Combat
 * Level 6.3 Evocations


You had 12 spell levels left.
You didn't know any spells.
Your spell library was empty.

Dungeon Overview and Level Annotations

Branches:
Dungeon (14/15)            Temple (0/1) D:4            Lair (0/6) D:8
    Orc (0/2) D:12         Vaults (0/5) D:13

Altars:
Elyvilon
Fedhas
Kikubaaqudgha
Nemelex Xobeh
Qazlal
Ru
Uskayaw
Vehumet
Xom
Zin
The Shining One

Shops:
D:4 (

Annotations:
D:11 2 transporters, Xerdoz's ghost, journeyman BaFE
D:14 Roxanne


Innate Abilities, Weirdness & Mutations

You are too large for most types of armour.
You have claws for hands.
Your metabolism is lightning-fast.
You like to eat raw meat.
Your natural rate of healing is unusually fast.
You are covered in fur. (AC +1)
You have extremely tough skin. (AC +3)


Message History

A centaur warrior comes into view.
A centaur comes into view.
The centaur warrior shouts!
The centaur shouts!
The centaur warrior wields a +0 longbow.
The centaur warrior shoots an arrow.
The arrow completely misses you.
The centaur wields a +0 shortbow.
The centaur shoots an arrow.
The arrow hits you.
A centaur comes into view.
Roxanne mumbles some strange words.
The bolt of magma hits you!!!
The centaur shouts!
There is a stone staircase leading up, spattered with blood here.
You see here an arrow.
The centaur wields a +0 shortbow.
The centaur shoots an arrow.
The arrow misses you.
The centaur shoots an arrow.
The arrow closely misses you.
The centaur warrior shoots an arrow.
The arrow hits you!!
Roxanne mumbles some strange words.
The iron shot hits you!!!
You die...

.## ####...###
###........#
#..........#
#####........?.##
######............8..#
#..##................#
#...#.....#..........#
##.............(@.....#
...#..##..#............#
...##.##..#.##.........#
....#.##.........##.....
....#.##...#.....# ...(.
......#....#...... ..c.
..#......%.#...... ...
..###..............


c.c ... .... You could see Roxanne, a centaur warrior and 2 centaurs.

Vanquished Creatures
  The ghost of Docson the Thaumaturge, a journeyman DsVM of Kikubaaqudgha (D:12)
  2 vault guards (D:13)
  2 hydras
  3 centaur warriors
  2 two-headed ogres (D:12)
  Sonja (D:12)
  4 unseen horrors
  3 wizards
  3 ugly things
  A cyclops (D:14)
  A manticore (D:11)
  Maurice (D:11)
  A gargoyle (D:13)
  An ice statue (D:10)
  A kobold demonologist (D:12)
  A yaktaur (D:13)
  7 ice devils (D:10)
  5 trolls
  2 hippogriffs
  5 slime creatures
  A wraith (D:13)
  21 yaks
  A basilisk (D:14)
  20 humans (D:13)
  A hungry ghost (D:9)
  Grum (D:8)
  2 vampire mosquitoes (D:12)
  Edmund (D:4)
  Duvessa (D:6)
  4 orc warriors
  An eye of draining (D:8)
  6 sky beasts
  2 black bears
  2 ice beasts
  7 ogres
  A necrophage (D:11)
  6 wolves (D:8)
  7 centaurs
  3 crocodiles
  5 big kobolds
  7 bullfrogs
  A gnoll sergeant (D:7)
  Dowan (D:6)
  5 scorpions
  A wyvern skeleton (D:12)
  5 killer bees
  3 vampire bats (D:3)
  9 wights
  2 howler monkeys
  3 electric eels (D:8)
  2 bullfrog zombies (D:6)
  3 crimson imps
  11 hounds
  2 quasits
  3 centaur zombies
  4 bullfrog skeletons
  7 orc priests
  A gnoll shaman (D:8)
  5 jellies
  9 orc wizards
  Crazy Yiuf (D:6)
  6 centaur skeletons
  2 iguanas
  14 worker ants
  A statue (D:8)
  A killer bee zombie (D:6)
  2 hound skeletons
  22 gnolls
  2 howler monkey skeletons
  11 adders
  4 shadow imps
  5 ufetubi (D:10)
  An ooze (D:6)
  An adder skeleton (D:4)
  3 worms
  A dart slug (D:1)
  6 leopard geckos
  42 orcs
  4 bats
  2 bat skeletons (D:3)
  4 bat zombies (D:3)
  5 giant cockroaches
  7 goblins
  5 hobgoblins
  5 jackals
  47 kobolds
  3 quokkas
  A ball python (D:3)
  10 frilled lizards
  6 rats
448 creatures vanquished.

Vanquished Creatures (others)
  An orc wizard (D:6)
1 creature vanquished.

Grand Total: 449 creatures vanquished

Notes
Turn   | Place    | Note
-------+----------+-------------------------------------------
     0 | D:1      | Emblim88 the Troll Berserker began the quest for the Orb.
     0 | D:1      | Reached XP level 1. HP: 22/22 MP: 0/0
   135 | D:1      | Reached XP level 2. HP: 29/29 MP: 1/1
   542 | D:2      | Reached skill level 1 in Throwing
   646 | D:2      | Reached ** piety under Trog
   646 | D:2      | Reached XP level 3. HP: 36/36 MP: 2/2
  1465 | D:3      | Noticed a centaur
  1473 | D:3      | Killed a centaur
  1473 | D:3      | Reached skill level 4 in Unarmed Combat
  1473 | D:3      | Reached XP level 4. HP: 23/45 MP: 3/3
  1473 | D:3      | Reached XP level 5. HP: 27/53 MP: 4/4
  1960 | D:3      | Found a sacrificial altar of Ru.
  2174 | D:3      | Found an ancient bone altar of Kikubaaqudgha.
  2194 | D:3      | Reached XP level 6. HP: 62/62 MP: 5/5
  2321 | D:4      | Reached *** piety under Trog
  2619 | D:4      | Received a gift from Trog
  2619 | D:4      | Reached skill level 5 in Unarmed Combat
  2795 | D:4      | Found a staircase to the Ecumenical Temple.
  2823 | D:4      | Noticed Edmund
  2840 | D:4      | Killed Edmund
  2840 | D:4      | Reached XP level 7. HP: 71/71 MP: 1/6
  2940 | D:4      | Found Gydamol's Weapon Emporium.
  3345 | D:5      | Entered Level 5 of the Dungeon
  3712 | D:5      | Reached skill level 5 in Fighting
  3712 | D:5      | Reached skill level 6 in Unarmed Combat
  3845 | D:5      | Reached XP level 8. HP: 80/80 MP: 7/7
  4015 | D:5      | Reached **** piety under Trog
  4411 | D:6      | Reached skill level 5 in Throwing
  4734 | D:6      | Noticed Duvessa
  4734 | D:6      | Noticed Dowan
  4739 | D:6      | Killed Duvessa
  4743 | D:6      | Killed Dowan
  4743 | D:6      | Reached skill level 7 in Unarmed Combat
  4847 | D:6      | Found a runed translucent door.
  4848 | D:6      | Noticed Crazy Yiuf
  4855 | D:6      | Killed Crazy Yiuf
  4917 | D:6      | Noticed a slime creature
  4935 | D:6      | Killed a slime creature
  5255 | D:6      | Reached XP level 9. HP: 89/89 MP: 8/8
  5458 | D:7      | Found a blossoming altar of Fedhas.
  5497 | D:7      | Received a gift from Trog
  5843 | D:7      | Noticed an angel
  5844 | D:7      | Found a shimmering altar of Xom.
  5844 | D:7      | Found a glowing silver altar of Zin.
  5988 | D:7      | Reached skill level 8 in Unarmed Combat
  6528 | D:7      | Found a hide-covered altar of Uskayaw.
  6533 | D:7      | Found a stormy altar of Qazlal.
  6536 | D:7      | Found a white marble altar of Elyvilon.
  6755 | D:8      | Reached XP level 10. HP: 74/102 MP: 9/9
  6758 | D:8      | Reached skill level 9 in Unarmed Combat
  6780 | D:8      | Received a gift from Trog
  6814 | D:8      | Reached ***** piety under Trog
  7189 | D:8      | Noticed Grum
  7206 | D:8      | Killed Grum
  7420 | D:8      | Found a glowing golden altar of the Shining One.
  7457 | D:8      | Found a staircase to the Lair.
  7709 | D:8      | Found a radiant altar of Vehumet.
  7922 | D:9      | Received a gift from Trog
  7940 | D:9      | Reached skill level 10 in Unarmed Combat
  8484 | D:9      | Received a gift from Trog
  8605 | D:9      | Found a sparkling altar of Nemelex Xobeh.
  9024 | D:9      | Reached XP level 11. HP: 113/113 MP: 10/10
  9181 | D:10     | Entered Level 10 of the Dungeon
  9657 | D:10     | Killed an unseen horror
  9816 | D:10     | Killed an unseen horror
  9816 | D:10     | Reached skill level 11 in Unarmed Combat
 10150 | D:11     | Killed an unseen horror
 10403 | D:11     | Reached skill level 10 in Throwing
 10730 | D:11     | Noticed Xerdoz's ghost (journeyman BaFE)
 10731 | D:11     | Found a transporter.
 10773 | D:11     | Found a transporter.
 10837 | D:11     | Received a gift from Trog
 11071 | D:11     | Noticed Maurice
 11078 | D:11     | Killed Maurice
 11189 | D:11     | Received a gift from Trog
 11477 | D:12     | Noticed a two-headed ogre
 11479 | D:12     | Killed a two-headed ogre
 11479 | D:12     | Reached skill level 1 in Evocations
 11479 | D:12     | Reached XP level 12. HP: 126/126 MP: 11/11
 11489 | D:12     | Reached skill level 10 in Fighting
 11596 | D:12     | Noticed a four-headed hydra
 11640 | D:12     | Killed a four-headed hydra
 11709 | D:12     | Noticed a two-headed ogre
 11712 | D:12     | Killed a two-headed ogre
 11724 | D:12     | Noticed Sonja
 11727 | D:12     | Killed Sonja
 11856 | D:12     | Received a gift from Trog
 11874 | D:12     | Found a staircase to the Orcish Mines.
 11950 | D:12     | Found a runed translucent door.
 11979 | D:12     | Noticed Docson's ghost (journeyman DsVM)
 12034 | D:12     | Reached skill level 12 in Unarmed Combat
 12173 | D:12     | Noticed a centaur warrior
 12179 | D:12     | HP: 6/126 [centaur/arrow[a centaur warrior] (9)]
 12337 | D:12     | Killed a centaur warrior
 12431 | D:12     | Killed Docson's ghost
 12890 | D:13     | Noticed a seven-headed hydra
 12892 | D:13     | Killed a seven-headed hydra
 12998 | D:13     | Reached skill level 5 in Evocations
 13043 | D:13     | Reached XP level 13. HP: 120/135 MP: 15/15
 13239 | D:13     | Found a gate to the Vaults.
 13410 | D:13     | Reached ****** piety under Trog
 13674 | D:14     | Received a gift from Trog
 13983 | D:14     | Received a gift from Trog
 13993 | D:14     | Identified Roxanne's Handbook of the Whale
 13993 | D:14     | Noticed Roxanne
 13995 | D:14     | Killed from afar by Roxanne

Levels and vault maps discovered:
D:1:      roderic_crossed_star, layout_rooms
D:2:      layout_loops_ring, first_ration
D:3:      layout_loops_ring, kennysheep_vampire_church, minmay_misc_feat_tower,
          nicolae_ru_the_path_less_chosen
D:4:      layout_basic, minmay_temple_entry_glassed_door, serial_shops, shop,
          chequers_arboretum, uniq_edmund
D:5:      kennysheep_kobold_camp, layout_cave_pools
D:6:      kennysheep_big_flooded_room, layout_loops_ring,
          uniq_crazy_yiuf_cottage, uniq_duvessa
D:7:      layout_cave_pools, grunt_temple_overflow_order_and_chaos_1,
          minmay_overflow_temple_star_quad, basic_altar, grunt_ogre_cave
D:8:      layout_basic, vehumet_statue, overflow_temple_1_default,
          erik_lair_island, uniq_grum
D:9:      kennysheep_six_static_rooms, layout_small_grid,
          serial_co_window_serial, co_window_paths_a, co_window_corner_a,
          co_window_paths_b, co_window_corner_a, co_window_corner_a,
          co_window_cross_2, co_window_corner_b, co_window_of_opportunity_b,
          co_window_paths_c, co_window_unsneaky_path_c, co_window_2corner,
          co_window_corner_b, glass_columns_a, glass_columns_c, glass_columns_b,
          glass_columns_a, nemelex_spade_bored_becter
D:10:     cheibrodos_frozen_isle, layout_irregular_city
D:11:     layout_basic, gammafunk_ghost_mausoleum, uniq_maurice
D:12:     layout_roguey, david_orc_2, ebering_ghost_reflecting_pool, uniq_sonja
D:13:     layout_gridville, grunt_vaults_entry_tiered,
          nicolae_straight_to_the_point
D:14:     layout_cave_pools, dk_noncrumbling_4, uniq_roxanne

Skill      XL: |  1  2  3  4  5  6  7  8  9 10 11 12 13 |
---------------+----------------------------------------+-----
Throwing       | 1 2 3 4 6 7 9 10 11 | 11.4
Fighting       | 3 4 5 6 7 8 9 10 | 10.9
Unarmed Combat | 4 5 6 7 8 10 11 12 | 12.7
Evocations     | 1 5 6 |  6.3
Dodging        | |  2.4

Action                   |  1- 3 |  4- 6 |  7- 9 | 10-12 | 13-15 || total
-------------------------+-------+-------+-------+-------+-------++-------
Melee: Unarmed           |    81 |   101 |   250 |   408 |   100 ||   940
       Punch             |     1 |     1 |     3 |    22 |     4 ||    31
 Fire: Fustibalus        |       |       |       |   105 |       ||   105
Throw: Stone             |    84 |    49 |    91 |    75 |    14 ||   313
       Dart              |       |       |   112 |    54 |       ||   166
       Large rock        |       |       |     8 |    59 |    24 ||    91
       Javelin           |       |       |       |    43 |     8 ||    51
Invok: Berserk           |       |     2 |     3 |     1 |     1 ||     7
       Trog's Hand       |       |     1 |       |       |       ||     1
Evoke: Wand              |       |       |       |     3 |       ||     3
  Use: Potion            |       |     2 |       |     3 |     3 ||     8
       Scroll            |       |       |    15 |     9 |     2 ||    26
  Eat: Chunk             |    18 |    11 |    33 |    63 |     7 ||   132
       Ration            |       |       |     1 |       |       ||     1
Armor: Animal skin       |    34 |    48 |    67 |    13 |       ||   162
       Troll leather arm |       |       |       |   140 |    24 ||   164
       Robe              |       |       |       |       |    10 ||    10
Dodge: Dodged            |    57 |    71 |    95 |   237 |    57 ||   517
